 Dungeon Crawl Stone Soup version 0.29-a0-841-g116ddc6ace (webtiles) character file.

Game seed: 770538506081797269

14080 LynnLen the Unseen (level 11, -9/86 HPs)
             Began as a Vampire Enchanter on July 14, 2022.
             Was an Elder of Dithmenos.
             Mangled by a white ugly thing (32 damage)
             ... on level 11 of the Dungeon.
             The game lasted 00:39:12 (11811 turns).

LynnLen the Unseen (Vampire Enchanter)             Turns: 11811, Time: 00:39:12

Health: -9/86      AC: 15    Str:  7    XL:     11   Next: 84%
Magic:  0/14       EV: 17    Int: 19    God:    Dithmenos [****..]
Gold:   264        SH:  0    Dex: 18    Spells: 6/14 levels left

rFire   . . .      SeeInvis +   z - +5 dagger (venom)
rCold   . . .      Faith    .   (no shield)
rNeg    . . .      Spirit   +   I - +1 leather armour of Repulsion {Harm}
rPois   .          Reflect  .   j - +2 helmet
rElec   .          Harm     +   C - scarf {shadows}
rCorr   .          Rampage  +   h - +1 pair of gloves
Will    +....                   J - +1 pair of boots {rampage}
Stlth   ++++++++++              r - amulet of guardian spirit
HPRegen 0.44/turn               q - +4 ring of protection
MPRegen 0.14/turn               (no ring)

@: healing quickly, wreathed by umbra
A: alive, fangs 3, see invisible, vampiric 2
a: Exsanguinate, Renounce Religion, Shadow Step


You were on level 11 of the Dungeon.
You worshipped Dithmenos.
Dithmenos was greatly pleased with you.
You visited 1 branch of the dungeon, and saw 11 of its levels.

You collected 854 gold pieces.
You spent 590 gold pieces at shops.

Inventory:

Hand Weapons
 z - a +5 dagger of venom (weapon)
Missiles
 c - 2 javelins (quivered)
 n - a throwing net
 B - 23 poisoned darts
Armour
 h - a +1 pair of gloves (worn)
 i - a +0 pair of boots
 j - a +2 helmet (worn)
 k - a +0 leather armour
 C - a scarf of shadows (worn)
 I - the +1 leather armour of Repulsion (worn) {Harm}
   (You bought it in a shop on level 8 of the Dungeon)

   Harm:      It increases damage dealt and taken.
 J - a +1 pair of boots of rampaging (worn)
Jewellery
 b - an amulet of faith
 d - a ring of wizardry
 q - a +4 ring of protection (left hand)
 r - an amulet of guardian spirit (around neck)
 F - an amulet of regeneration
 L - an amulet of magic regeneration
Wands
 p - a wand of polymorph (13)
 w - a wand of flame (36)
 y - a wand of mindburst (34)
 A - a wand of iceblast (5)
 D - a wand of digging (8)
Scrolls
 a - 8 scrolls of teleportation
 f - 2 scrolls of poison
 l - 3 scrolls of amnesia
 v - a scroll of torment
 E - a scroll of identify
 G - 2 scrolls of vulnerability
 K - a scroll of silence
 M - a scroll of magic mapping
 O - a scroll of fog
Potions
 e - a potion of attraction
 g - 5 potions of mutation
 m - 2 potions of heal wounds
 s - 8 potions of brilliance
 t - 3 potions of lignification
 u - a potion of flight
 H - a potion of cancellation


   Skills:
 * Level 8.1 Fighting
 - Level 10.0 Short Blades
 * Level 10.2 Dodging
 + Level 17.8 Stealth
 - Level 2.0 Spellcasting
 - Level 4.4 Hexes


You had 6 spell levels left.
You knew the following spells:

 Your Spells              Type           Power      Damage    Failure   Level
a - Confusing Touch       Hex            18%        N/A       13%         3
b - Tukima's Dance        Hex            18%        N/A       13%         3
c - Ensorcelled Hibernat  Hex/Ice        20%        N/A       16%         2

Your spell library contained the following spells:

 Spells                   Type           Power      Damage    Failure   Level
 Foxfire                  Conj/Fire      4%         2x1d4     26%         1
 Shock                    Conj/Air       4%         1d3       26%         1
 Dazzling Flash           Conj/Hex       20%        N/A       30%         3
 Inner Flame              Hex/Fire       10%        N/A       30%         3
 Portal Projectile        Hex/Tloc       20%        N/A       30%         3
 Passwall                 Tmut/Erth      0%         N/A       36%         2
 Call Canine Familiar     Summ           1%         N/A       58%         3
 Conjure Flame            Conj/Fire      1%         6-21      58%         3
 Ignite Poison            Fire/Tmut/Pois 1%         N/A       58%         3
 Stone Arrow              Conj/Erth      2%         3d7       58%         3
 Swiftness                Air            1%         N/A       58%         3
 Leda's Liquefaction      Hex/Erth       5%         N/A       71%         4
 Airstrike                Air            0%         0-2+      94%         4
 Animate Armour           Summ/Erth      2%         N/A       94%         4
 Flame Wave               Conj/Fire      1%         2d4       94%         4
 Iskenderun's Mystic Bla  Conj/Tloc      1%         2d3       94%         4
 Sticky Flame             Conj/Fire      1%         2d3       94%         4
 Summon Ice Beast         Ice/Summ       1%         N/A       94%         4
 Summon Lightning Spire   Summ/Air       1%         N/A       94%         4
 Summon Mana Viper        Hex/Summ       10%        N/A       96%         5
 Starburst                Conj/Fire      0%         6d3       100%        6
 Monstrous Menagerie      Summ           0%         N/A       100%        7
 Storm Form               Tmut/Air       0%         N/A       100%        7
 Lehudib's Crystal Spear  Conj/Erth      0%         10d2      100%        8
 Maxwell's Capacitive Co  Air            0%         ∞         100%        8


Dungeon Overview and Level Annotations

Branches:
Dungeon (11/15)            Temple (0/1) D:6             Orc (0/2) D:9
   Lair: D:8-11

Altars:
Ashenzari
Dithmenos
Gozag
Hepliaklqana
Kikubaaqudgha
Nemelex Xobeh
Qazlal
Ru
Sif Muna
Vehumet
Xom
Yredelemnul

Shops:
D:8 [   D:10 (


Innate Abilities, Weirdness & Mutations

Your natural rate of healing is accelerated.
You have razor-sharp teeth.
You have supernaturally acute eyesight. (SInv)
You are afflicted with vampirism and can become a bat while bloodless.


Message History

The white ugly thing looks as sick as possible!
The white ugly thing is heavily wounded.
The wyvern barely misses you. The white ugly thing barely misses you.
You hit the komodo dragon.
The komodo dragon is lightly wounded.
The wyvern bites you.
You hit the komodo dragon.
The komodo dragon is poisoned.
The komodo dragon is lightly wounded.
Your shadow hits the komodo dragon with a dagger.
The wyvern bites you but does no damage.
The komodo dragon closely misses you.
The white ugly thing gores you but does no damage.
You hit the komodo dragon but do no damage.
The komodo dragon looks as sick as possible!
The komodo dragon is lightly wounded.
You hit the komodo dragon but do no damage.
The komodo dragon is moderately wounded.
The wyvern closely misses you.
The komodo dragon completely misses you.
The white ugly thing misses you.
You hit the komodo dragon but do no damage.
The komodo dragon is moderately wounded.
The wyvern bites you.
You hit the komodo dragon.
The komodo dragon looks as sick as possible!
The komodo dragon is moderately wounded.
The wyvern misses you. The komodo dragon bites you.
The white ugly thing closely misses you.
You closely miss the white ugly thing.
The white ugly thing is heavily wounded.
Your shadow hits the white ugly thing with a dagger.
You hit the white ugly thing.
The white ugly thing looks as sick as possible!
The white ugly thing is severely wounded.
The wyvern bites you! The komodo dragon bites you!
* * * LOW HITPOINT WARNING * * *
The white ugly thing gores you.
* * * LOW HITPOINT WARNING * * *
The white ugly thing freezes you!!
You die...

#....##...##
####........
######### # ## ####
###
#.##..####.#######
#..#.##..........##
#[l@......###....##
#....ul....###
####.†##
.......###### ###..
u....#.. ###
#...#.## # ...### #
.##


You could see a white ugly thing (extremely poisoned), a komodo dragon
(extremely poisoned) and a wyvern (very poisoned).

Vanquished Creatures
  A hydra (D:11)
  4 two-headed ogres
  The ghost of zhov the Grave Robber, a novice DsNe (D:5)
  A cyclops (D:11)
  2 gargoyles
  Maggie (D:6)
  A komodo dragon (D:11)
  An unseen horror (D:10)
  A troll (D:11)
  Grinder (D:4)
  A vampire (D:10)
  2 wraiths (D:11)
  Sigmund (D:6)
  21 yaks
  3 wyverns
  Grum (D:8)
  A steam dragon (D:8)
  3 acid dragons
  A water moccasin (D:7)
  Duvessa (D:5)
  7 orc warriors
  A sky beast (D:7)
  2 ice beasts
  2 centaurs
  3 wolves (D:8)
  3 kobold brigands
  4 phantoms
  3 bullfrogs
  A gnoll sergeant (D:6)
  A necrophage (D:8)
  2 scorpions
  Dowan (D:5)
  3 howler monkeys
  3 hounds (D:6)
  3 jellies
  3 gnoll boudas
  5 orc priests
  4 iguanas
  Natasha (twice) (D:2)
  9 orc wizards
  Robin (D:2)
  13 adders
  15 gnolls
  A white imp (D:6)
  2 ufetubi
  A worm (D:4)
  A dart slug (D:4)
  44 orcs
  A ball python (D:1)
  3 endoplasms
  5 giant cockroaches
  6 hobgoblins
  15 jackals
  25 kobolds
  3 quokkas
  2 training dummies (D:4)
  8 bats
  4 frilled lizards
  11 goblins
  5 rats
277 creatures vanquished.

Vanquished Creatures (others)
  A dancing weapon (D:10)
  32 plants
33 creatures vanquished.

Grand Total: 310 creatures vanquished

Notes
Turn   | Place    | Note
-------+----------+-------------------------------------------
     0 | D:1      | LynnLen the Vampire Enchanter began the quest for the Orb.
     0 | D:1      | Reached XP level 1. HP: 13/13 MP: 3/3
   149 | D:1      | Found a faded altar of an unknown god.
   279 | D:1      | Reached XP level 2. HP: 15/16 MP: 5/5
   916 | D:1      | Reached skill level 5 in Stealth
  1188 | D:2      | Noticed Natasha
  1240 | D:2      | Reached skill level 1 in Fighting
  1291 | D:2      | Noticed Robin
  1317 | D:2      | Killed Robin
  1318 | D:2      | Gained mutation: You are afflicted with vampirism and can
                  | become a bat while bloodless. [Vampire growth]
  1318 | D:2      | Reached XP level 3. HP: 20/20 MP: 6/6
  1603 | D:2      | Learned a level 3 spell: Confusing Touch
  1607 | D:2      | Learned a level 3 spell: Tukima's Dance
  1682 | D:2      | Reached XP level 4. HP: 24/25 MP: 7/7
  2009 | D:2      | Reached skill level 6 in Stealth
  2378 | D:2      | Killed Natasha
  2379 | D:2      | Reached XP level 5. HP: 24/30 MP: 8/8
  2575 | D:2      | Noticed Natasha
  2583 | D:2      | Killed Natasha
  2994 | D:3      | Found a shadowy altar of Dithmenos.
  3070 | D:3      | Became a worshipper of Dithmenos the Shadowed
  3258 | D:3      | Reached skill level 7 in Stealth
  3318 | D:3      | Found a basalt altar of Yredelemnul.
  3490 | D:4      | Reached XP level 6. HP: 26/35 MP: 9/9
  3784 | D:4      | Reached * piety under Dithmenos
  3936 | D:4      | Found a hazy altar of Hepliaklqana.
  4059 | D:4      | Reached skill level 8 in Stealth
  4155 | D:4      | Learned a level 2 spell: Ensorcelled Hibernation
  4156 | D:4      | Noticed Grinder
  4161 | D:4      | Killed Grinder
  4162 | D:4      | Reached XP level 7. HP: 39/40 MP: 10/10
  4423 | D:5      | Entered Level 5 of the Dungeon
  4601 | D:5      | Reached skill level 5 in Short Blades
  4601 | D:5      | Reached skill level 9 in Stealth
  4685 | D:5      | Noticed Duvessa
  4687 | D:5      | Noticed Dowan
  4695 | D:5      | Killed Dowan
  4705 | D:5      | Killed Duvessa
  4872 | D:5      | You fall into a shaft and drop 1 floor!
  4942 | D:6      | Reached XP level 8. HP: 40/46 MP: 8/11
  4982 | D:6      | Noticed Maggie
  4995 | D:6      | Killed Maggie
  4996 | D:6      | Reached skill level 10 in Stealth
  5161 | D:6      | Found a staircase to the Ecumenical Temple.
  5167 | D:6      | Noticed a gargoyle
  5175 | D:6      | Killed a gargoyle
  5176 | D:6      | Reached skill level 11 in Stealth
  5314 | D:6      | Reached XP level 9. HP: 22/52 MP: 5/12
  5631 | D:5      | Reached ** piety under Dithmenos
  5864 | D:5      | Found a large runed translucent door.
  5865 | D:5      | Found a large runed translucent door.
  5866 | D:5      | Noticed zhov's ghost (novice DsNe)
  5900 | D:5      | Killed zhov's ghost
  5901 | D:5      | Reached skill level 5 in Dodging
  5901 | D:5      | Reached skill level 12 in Stealth
  6559 | D:6      | Noticed Sigmund
  6566 | D:6      | Killed Sigmund
  6621 | D:6      | Reached skill level 5 in Fighting
  6833 | D:6      | Identified a scroll of acquirement
  6833 | D:6      | Acquired a scarf of shadows
  7473 | D:7      | Found a sacrificial altar of Ru.
  7812 | D:8      | Noticed Grum
  7812 | D:8      | Found Naf Bor's Antique Armour Emporium.
  7816 | D:8      | Killed Grum
  7817 | D:8      | Reached skill level 13 in Stealth
  7820 | D:8      | Reached XP level 10. HP: 59/59 MP: 13/13
  7822 | D:8      | Reached skill level 10 in Short Blades
  7839 | D:8      | Bought an ichor-stained leather armour for 210 gold pieces
  7839 | D:8      | Identified the +1 leather armour of Repulsion {Harm} (You
                  | bought it in a shop on level 8 of the Dungeon)
  7839 | D:8      | Bought a pair of glowing boots for 225 gold pieces
  7891 | D:8      | Found a shimmering altar of Xom.
  8115 | D:8      | Reached skill level 14 in Stealth
  8262 | D:8      | Noticed a two-headed ogre
  8269 | D:8      | Killed a two-headed ogre
  8468 | D:8      | Identified the +0 buckler of the Garden {rC+ Regen+ Stlth-}
  8613 | D:8      | Reached *** piety under Dithmenos
  8619 | D:8      | Found a radiant altar of Vehumet.
  8619 | D:8      | Noticed a gargoyle
  8623 | D:8      | Found an ancient bone altar of Kikubaaqudgha.
  8632 | D:8      | HP: 3/68 [gargoyle/stone arrow (8)]
  8634 | D:8      | Killed a gargoyle
  8635 | D:8      | Reached skill level 15 in Stealth
  8806 | D:8      | Found a stormy altar of Qazlal.
  9283 | D:9      | Found a broken altar of Ashenzari.
  9450 | D:9      | Found a shimmering blue altar of Sif Muna.
  9490 | D:10     | Entered Level 10 of the Dungeon
  9649 | D:9      | Found a staircase to the Orcish Mines.
  9816 | D:10     | Found a sparkling altar of Nemelex Xobeh.
  9837 | D:10     | Found an opulent altar of Gozag.
 10252 | D:10     | Found Piymajino's Antique Weapon Shop.
 10349 | D:10     | Bought a runed dagger for 155 gold pieces
 10382 | D:10     | Noticed a two-headed ogre
 10430 | D:10     | Killed a two-headed ogre
 10664 | D:10     | Reached XP level 11. HP: 83/83 MP: 14/14
 10696 | D:10     | Reached skill level 16 in Stealth
 10965 | D:10     | Reached **** piety under Dithmenos
 11265 | D:11     | Noticed a two-headed ogre
 11267 | D:11     | Killed a two-headed ogre
 11328 | D:11     | Noticed a six-headed hydra
 11334 | D:11     | Killed a six-headed hydra
 11467 | D:11     | Noticed a two-headed ogre
 11478 | D:11     | Killed a two-headed ogre
 11560 | D:11     | Reached skill level 17 in Stealth
 11641 | D:11     | Reached skill level 10 in Dodging
 11769 | D:11     | Noticed a white ugly thing
 11811 | D:11     | Mangled by a white ugly thing

Illustrated notes

Levels and vault maps discovered:
D:1:      sevenhm_arrival_forest_fort_small_6, layout_loops_corners,
          shapermc_ecumenical_altar_pompeii
D:2:      layout_basic, lexackson_kobold_supper, uniq_robin, uniq_natasha
D:3:      layout_rooms, nicolae_dithmenos_shadow_blocks,
          mainiacjoe_overflow_surrounded_room
D:4:      dreamdust_elfheim, layout_rooms, nzn_hepliaklqana_mist_gate,
          nicolae_elyvilon_temple_path, hangedman_decor_push, uniq_grinder
D:5:      layout_basic, ebering_ghost_disaster_area, uniq_duvessa
D:6:      layout_basic, temple_doors_e, grunt_ministairs_15, uniq_maggie,
          uniq_sigmund
D:7:      layout_cave_pods, zin_academy, hangedman_ru_absence
D:8:      layout_basic, overflow_temple_1_default,
          minmay_overflow_temple_star_quad, chequers_serial_rivers_small_a,
          nicolae_stop_n_shop_2, uniq_grum
D:9:      layout_cave_pools, nicolae_ashenzari_skybound, led_sif_pool,
          hiddenorc1_lemuel, kennysheep_crisscross, st_stairs_7
D:10:     layout_roguey, nemelex_spade_bored_becter,
          nicolae_gozag_cash_rules_everything_around_me, serial_shops, shop,
          chequers_serial_rivers_small_b, kennysheep_opposing_triangles
D:11:     layout_rooms, erik_lair_dragon

Skill      XL: |  1  2  3  4  5  6  7  8  9 10 11 |
---------------+----------------------------------+-----
Stealth        | 5 6 7 8 9 11 13 15 17 | 17.8
Fighting       | 1 2 3 4 5 6 8 |  8.1
Short Blades   | 2 3 4 5 7 9 10 | 10.0
Dodging        | 3 4 5 7 10 | 10.2
Spellcasting   | |  2.0
Hexes          | |  4.4

Action                   |  1- 3 |  4- 6 |  7- 9 | 10-12 || total
-------------------------+-------+-------+-------+-------++-------
Melee: Dagger            |    88 |   173 |   357 |   518 ||  1136
       Bite              |     3 |    20 |    60 |    88 ||   171
       Punch             |     2 |     3 |     7 |    12 ||    24
Throw: Javelin           |       |     1 |     2 |     2 ||     5
 Cast: Tukima's Dance    |       |     2 |       |     4 ||     6
       Ensorcelled Hiber |       |       |     1 |       ||     1
       Confusing Touch   |       |       |     1 |     1 ||     2
 Abil: Exsanguinate      |     1 |       |       |       ||     1
       Revivify          |       |       |       |     1 ||     1
  Use: Scroll            |     6 |     6 |    12 |     8 ||    32
       Potion            |     3 |     5 |     3 |     6 ||    17
 Stab: Sleeping          |    15 |    18 |    25 |    37 ||    95
       Invisible         |     2 |       |     2 |       ||     4
       Confused          |       |       |     2 |     1 ||     3
       Distracted        |       |       |       |     2 ||     2
Armor: Robe              |    15 |       |       |       ||    15
       Leather armour    |    17 |    71 |    76 |   132 ||   296
Dodge: Dodged            |    59 |   103 |   143 |   328 ||   633

Table legend: (Time is in decaauts)
 A = Elapsed time spent in this place.
 B = Non-inter-level travel time spent in this place.
 C = Inter-level travel time spent in this place.
 D = Time resting spent in this place.
 E = Time spent auto-exploring this place.
 F = Levels seen in this place.
 G = Mean time per level.
                   A        B        C        D        E       F      G
               +--------+--------+--------+--------+--------+-----+--------+
         Total |  11388 |  11314 |     74 |    860 |   5770 |  11 | 1035.3 |
       Dungeon |  11388 |  11314 |     74 |    860 |   5770 |  11 | 1035.3 |
               +--------+--------+--------+--------+--------+-----+--------+

Top non-repeatable levels by time:
     D:2: 1703 daAuts
    D:10: 1413 daAuts
     D:5: 1282 daAuts
     D:8: 1188 daAuts
     D:1: 1115 daAuts
     D:4: 981 daAuts
     D:6: 975 daAuts
     D:7: 947 daAuts
     D:9: 652 daAuts
     D:3: 630 daAuts
    D:11: 498 daAuts
